 Dungeon Crawl Stone Soup version 0.26-a0-651-gb41185065b (webtiles) character file.

Game seed: 12524799785262740773

24340 Flugslaktarn the Cleaver (level 12, -8/117 HPs)
             Began as a Deep Dwarf Fighter on Oct 14, 2020.
             Was a High Priest of Makhleb.
             Mangled by a brown ugly thing (10 damage)
             ... on level 13 of the Dungeon.
             The game lasted 00:06:54 (8882 turns).

Flugslaktarn the Cleaver (Deep Dwarf Fighter)       Turns: 8882, Time: 00:06:55

Health: -8/117     AC: 11    Str: 21    XL:     12   Next: 79%
Magic:  3/3        EV:  9    Int:  9    God:    Makhleb [*****.]
Gold:   538        SH: 10    Dex: 16    Spells: 11/11 levels left

rFire    . . .     SeeInvis +   y - +4 broad axe (freeze)
rCold    . . .     Faith    .   G - +0 kite shield
rNeg     . . .     Spirit   .   L - +0 plate armour
rPois    .         Reflect  .   b - +0 helmet
rElec    .         Harm     .   Q - +0 cloak
rCorr    +         Rampage  .   (no gloves)
MR       +....                  e - +1 pair of boots
Stlth    ..........             (no amulet)
HPRegen  0.00/turn              k - ring of resist corrosion
MPRegen  0.08/turn              i - ring of see invisible

@: corroded, non-regenerating
A: damage resistance, heal wounds, sense surroundings 2, no regeneration
a: Heal Wounds, Minor Destruction, Lesser Servant of Makhleb, Major Destruction,
Greater Servant of Makhleb, Renounce Religion


You were on level 13 of the Dungeon.
You worshipped Makhleb.
Makhleb was extremely pleased with you.
You visited 2 branches of the dungeon, and saw 15 of its levels.
You also visited: Sewer.

You collected 687 gold pieces.
You spent 149 gold pieces at shops.

Inventory:

Hand Weapons
 y - a +4 broad axe of freezing (weapon)
   (You found it on level 12 of the Dungeon)
 M - a +1 dagger of distortion
   (You took it off Psyche on level 10 of the Dungeon)
Missiles
 C - 5 throwing nets (quivered)
Armour
 b - a +0 helmet (worn)
   (You took it off Robin on level 4 of the Dungeon)
 e - a +1 pair of boots (worn)
   (You found it on level 13 of the Dungeon)
 G - a +0 kite shield (worn)
 L - a +0 plate armour (worn)
   (You took it off an orc warrior on level 10 of the Dungeon)
 Q - a +0 cloak (worn)
   (You found it on level 1 of the Dungeon)
Jewellery
 c - an uncursed ring of protection from cold
   (You found it on level 8 of the Dungeon)
 i - a ring of see invisible (right hand)
   (You found it on level 13 of the Dungeon)
 k - a ring of resist corrosion (left hand)
   (You found it on level 6 of the Dungeon)
Wands
 g - a wand of digging (7)
   (You found it on level 8 of the Dungeon)
 p - a wand of acid (17)
   (You found it on level 4 of the Dungeon)
 u - a wand of iceblast (1)
   (You found it on level 4 of the Dungeon)
 B - a wand of paralysis (7)
   (You found it on level 8 of the Dungeon)
 O - a wand of enslavement (10)
   (You found it on level 11 of the Dungeon)
Scrolls
 f - 2 scrolls of immolation
 l - 4 scrolls of magic mapping
 s - 3 scrolls of fog
 t - 5 scrolls of teleportation
 x - 6 scrolls of remove curse
 z - a scroll of blinking
 F - a scroll of fear
 J - a scroll of enchant armour
 P - a scroll of enchant weapon
Potions
 d - 2 potions of might
 h - 3 potions of haste
 j - a potion of mutation
 n - a potion of flight
 o - a potion of cancellation
 q - 8 potions of curing
 w - 2 potions of heal wounds
 A - a potion of berserk rage
 E - 2 potions of invisibility
 K - 4 potions of lignification
 N - 3 potions of ambrosia


   Skills:
 + Level 10.5 Fighting
 * Level 12.5 Axes
 + Level 9.6 Armour
 + Level 8.4 Dodging
 - Level 4.2 Shields
 + Level 10.2 Invocations
 + Level 7.0 Evocations


You had 11 spell levels left.
You didn't know any spells.
Your spell library was empty.

Dungeon Overview and Level Annotations

Branches:
Dungeon (14/15)            Temple (1/1) D:4            Lair (0/6) D:10
    Orc (0/2) D:9           Sewer (visited)
 Vaults: D:13-14

Altars:
Ashenzari
Cheibriados
Dithmenos
Fedhas
Gozag
Hepliaklqana
Kikubaaqudgha
Makhleb
Nemelex Xobeh
Okawaru
Qazlal
Ru
Sif Muna
Trog
Uskayaw
Vehumet
Wu Jian
Xom
Yredelemnul
Zin
The Shining One

Shops:
D:9 !(:

Annotations:
D:12 exclusion: ice statue


Innate Abilities, Weirdness & Mutations

You are resistant to damage.
You can heal yourself by infusing magical energy.
You passively map the area around you.
You do not regenerate.


Message History

You block the brown ugly thing's attack.
The nine-headed hydra bites you!
* * * LOW HITPOINT WARNING * * *
The nine-headed hydra bites you.
* * * LOW HITPOINT WARNING * * *
You block the nine-headed hydra's attack.
The nine-headed hydra bites you!
* * * LOW HITPOINT WARNING * * *
The nine-headed hydra bites you. x2; The nine-headed hydra bites you!
* * * LOW HITPOINT WARNING * * *
You block the nine-headed hydra's attack.
The nine-headed hydra bites you.
You block the brown ugly thing's attack.
You climb upwards.
There is a stone staircase leading down here.
Unknown command.
The brown ugly thing trunk-slaps you.
You are splashed with acid.
You resist.
* * * LOW HITPOINT WARNING * * *
The brown ugly thing engulfs you!
You die...

.# #..# #...#######..####.# .#
#..# #.).# #.†# #.# .#
#..######)..# #..# #.# .#
#...........#######..####.# .#
#....................=....# .#
#.........<...............# .#
#.#######...#####..######.# .#
#.# #...# #..# #.# .# #.# #u@.#
#..# #.# .######.#######.Du# #..#
#.#
..................#####..######.#
................................#
.#####............####..######..#
.# #...#######..# #..# #..# .#
#...# #..# #..# #..# .# #...#
#..# #..# #..# .# #...# #=.# #..#
#..#


You could see a nine-headed hydra and 2 ugly things.

Vanquished Creatures
  A hydra (D:13)
  Harold (D:7)
  Fannar (D:12)
  A centaur warrior (D:13)
  Erica (D:8)
  3 two-headed ogres
  A tengu warrior (D:13)
  An unseen horror (D:13)
  An orc knight (D:12)
  Pikel (D:4)
  2 ugly things
  A deep elf mage (D:12)
  Joseph (D:10)
  Psyche (D:10)
  2 gargoyles (D:12)
  3 centaur skeletons (D:13)
  A komodo dragon (D:10)
  A hornet (D:10)
  5 trolls
  A jumping spider (shapeshifter) (D:12)
  6 slime creatures
  A shadow (D:14)
  14 yaks
  Sigmund (D:2)
  2 wraiths
  A vampire (D:12)
  3 wyverns
  2 hogs (D:11)
  A human (D:11)
  A vampire mosquito (D:12)
  Edmund (D:5)
  A soldier ant (D:12)
  3 water moccasins
  4 ice beasts
  3 sky beasts
  11 ogres
  2 necrophages
  An orc warrior (D:10)
  A phantom (D:12)
  4 centaurs
  A crocodile (D:13)
  2 big kobolds
  Blork the orc (D:4)
  6 bullfrogs
  A water moccasin zombie (D:6)
  2 scorpions
  4 killer bees (D:10)
  6 wights
  4 howler monkeys
  2 electric eels (D:10)
  A bullfrog zombie (D:7)
  8 hounds
  5 orc priests
  4 jellies (D:10)
  2 bullfrog skeletons
  2 gnoll shamans (D:8)
  Crazy Yiuf (D:5)
  2 iguanas
  10 orc wizards
  8 worker ants
  A hound skeleton (D:9)
  2 worker ant zombies
  Robin (D:4)
  10 gnolls
  10 adders
  2 shadow imps
  2 ufetubi
  6 oozes
  4 adder skeletons
  5 worms
  2 dart slugs
  5 leopard geckos
  37 orcs
  4 ball pythons
  3 giant cockroaches
  14 goblins
  6 hobgoblins
  6 jackals
  A quokka (D:6)
  A bat (D:1)
  6 frilled lizards
  9 kobolds
  A quokka zombie (D:5)
  10 rats
313 creatures vanquished.

Vanquished Creatures (collateral kills)
  2 two-headed ogres
  A slime creature (D:13)
  A komodo dragon (D:12)
  A tengu conjurer (D:12)
  An electric eel (D:10)
  A worker ant (D:12)
7 creatures vanquished.

Vanquished Creatures (others)
  An adder (D:10)
  16 plants (D:10)
17 creatures vanquished.

Grand Total: 337 creatures vanquished

Notes
Turn   | Place    | Note
-------+----------+-------------------------------------------
     0 | D:1      | Flugslaktarn the Deep Dwarf Fighter began the quest for the
                  | Orb.
     0 | D:1      | Reached XP level 1. HP: 20/20 MP: 1/1
   105 | D:1      | Reached XP level 2. HP: 27/27 MP: 2/2
   234 | D:1      | Found a broken altar of Ashenzari.
   384 | D:2      | Reached XP level 3. HP: 26/34 MP: 2/2
   402 | D:2      | Reached skill level 3 in Axes
   414 | D:2      | Noticed Sigmund
   430 | D:2      | Killed Sigmund
   430 | D:2      | Reached skill level 4 in Axes
   430 | D:2      | Reached XP level 4. HP: 39/44 MP: 2/2
   430 | D:2      | Reached XP level 5. HP: 45/50 MP: 3/3
   802 | D:4      | Found a staircase to the Ecumenical Temple.
   813 | D:4      | Noticed Blork the orc
   815 | Temple   | Entered the Ecumenical Temple
   888 | Temple   | Became a worshipper of Makhleb the Destroyer
   910 | D:4      | Killed Blork the orc
   910 | D:4      | Reached XP level 6. HP: 36/57 MP: 4/4
   964 | D:4      | Noticed Robin
   966 | D:4      | Reached skill level 1 in Invocations
   971 | D:4      | Killed Robin
   992 | D:4      | Reached skill level 1 in Dodging
  1066 | D:4      | Noticed Pikel
  1070 | D:4      | Reached * piety under Makhleb
  1089 | D:4      | Killed Pikel
  1089 | D:4      | Reached skill level 5 in Fighting
  1089 | D:4      | Reached skill level 5 in Axes
  1089 | D:4      | Reached XP level 7. HP: 43/67 MP: 4/7
  1417 | D:5      | Entered Level 5 of the Dungeon
  1431 | D:5      | Noticed Edmund
  1439 | D:5      | Reached skill level 5 in Armour
  1456 | D:5      | Reached XP level 8. HP: 46/75 MP: 7/7
  1459 | D:5      | Killed Edmund
  1459 | D:5      | Reached skill level 6 in Axes
  1967 | D:5      | Found a runed translucent door.
  1968 | D:5      | Noticed Crazy Yiuf
  1979 | D:5      | Killed Crazy Yiuf
  2113 | D:6      | Reached skill level 7 in Axes
  2209 | D:6      | Gained mutation: You passively map the area around you.
                  | [Deep Dwarf growth]
  2209 | D:6      | Reached XP level 9. HP: 21/85 MP: 6/6
  2329 | D:6      | Found a glowing drain.
  2427 | Sewer    | Entered a sewer
  2448 | Sewer    | Reached ** piety under Makhleb
  2599 | D:6      | Reached skill level 5 in Invocations
  3184 | D:7      | Noticed Harold
  3203 | D:7      | Killed Harold
  3203 | D:7      | Reached skill level 8 in Axes
  3540 | D:7      | Found an ancient bone altar of Kikubaaqudgha.
  3587 | D:7      | Found a radiant altar of Vehumet.
  3587 | D:7      | Found a sacrificial altar of Ru.
  4272 | D:8      | Reached skill level 5 in Dodging
  4333 | D:8      | Found an iron altar of Okawaru.
  4333 | D:8      | Found a faded altar of an unknown god.
  4338 | D:8      | Found a faded altar of an unknown god.
  4340 | D:8      | Found a shadowy altar of Dithmenos.
  4341 | D:8      | Found a glowing silver altar of Zin.
  4401 | D:8      | Reached *** piety under Makhleb
  4436 | D:8      | Reached XP level 10. HP: 90/96 MP: 6/6
  4605 | D:8      | Reached skill level 9 in Axes
  4650 | D:8      | Noticed Erica
  4679 | D:8      | Killed Erica
  4935 | D:8      | Found a stormy altar of Qazlal.
  5142 | D:9      | Found a staircase to the Orcish Mines.
  5199 | D:9      | Found Vogiell's Antique Weapon Emporium.
  5207 | D:9      | Bought a glowing war axe for 149 gold pieces
  5240 | D:9      | Found Nosioch's Distillery.
  5411 | D:9      | Found Onykhluti's Book Shop.
  5810 | D:10     | Entered Level 10 of the Dungeon
  5811 | D:10     | Noticed Psyche
  5815 | D:10     | Killed Psyche
  5958 | D:10     | Reached **** piety under Makhleb
  5993 | D:10     | Reached skill level 1 in Evocations
  6008 | D:10     | Paralysed by a hornet for 1 turns
  6023 | D:10     | Reached skill level 10 in Axes
  6206 | D:10     | Noticed Joseph
  6221 | D:10     | Killed Joseph
  6336 | D:10     | Reached XP level 11. HP: 104/104 MP: 5/5
  6340 | D:10     | Noticed a two-headed ogre
  6346 | D:10     | Killed a two-headed ogre
  6521 | D:10     | Found a staircase to the Lair.
  7037 | D:11     | Got a scorched sapphire amulet
  7090 | D:11     | Identified the amulet of Ahinisk {Inacc Str+6} (You found
                  | it on level 11 of the Dungeon)
  7312 | D:12     | Noticed Fannar
  7364 | D:12     | Killed Fannar
  7501 | D:12     | Noticed a deep elf mage
  7511 | D:12     | Killed a deep elf mage
  7530 | D:12     | Noticed a two-headed ogre
  7537 | D:12     | Reached skill level 11 in Axes
  7552 | D:12     | Killed a two-headed ogre
  7734 | D:12     | Noticed an orc knight
  7737 | D:12     | Identified the +6 arbalest of Ithohy {elec, Fragile rF+
                  | Str+3 Int+3}
  7786 | D:12     | Noticed a cyan ugly thing
  7799 | D:12     | Killed an orc knight
  7821 | D:12     | Killed a cyan ugly thing
  7876 | D:12     | Reached skill level 10 in Fighting
  7876 | D:12     | Reached skill level 5 in Evocations
  7878 | D:12     | Reached ***** piety under Makhleb
  7889 | D:12     | Found the +7 Singing Sword {vorpal, sonic wave}
  7891 | D:12     | Reached XP level 12. HP: 48/116 MP: 2/2
  7902 | D:12     | Got a shimmering copper ring
  7906 | D:12     | Identified the ring "Xusod Xyach" {Ice Str+3} (You found it
                  | on level 12 of the Dungeon)
  7958 | D:12     | Noticed a two-headed ogre
  7964 | D:12     | Killed a two-headed ogre
  8126 | D:13     | Noticed a two-headed ogre
  8126 | D:13     | Noticed a two-headed ogre
  8134 | D:13     | Killed a two-headed ogre
  8138 | D:13     | Killed a two-headed ogre
  8155 | D:13     | Noticed a tengu warrior
  8167 | D:13     | Killed a tengu warrior
  8391 | D:13     | Reached skill level 12 in Axes
  8502 | D:13     | Noticed a four-headed hydra
  8526 | D:13     | Killed a 12-headed hydra
  8550 | D:13     | Noticed a centaur warrior
  8577 | D:13     | Killed a centaur warrior
  8581 | D:13     | Reached skill level 10 in Invocations
  8870 | D:14     | Noticed a seven-headed hydra
  8880 | D:14     | HP: 4/117 [nine-headed hydra (9)]
  8882 | D:13     | Mangled by a brown ugly thing

Illustrated notes

Levels and vault maps discovered:
D:1:      psy_arrival_fountain, layout_rooms, nicolae_ashenzari_panopticon
D:2:      layout_rooms, serial_curves, eino_curves_03, eino_curves_03,
          minmay_tiny_reverse_x, uniq_sigmund
D:3:      layout_basic, lemuel_round_altar, kennysheep_boxes
D:4:      layout_rooms, temple_fountains, minivault_4, uniq_pikel, uniq_robin,
          uniq_blork_the_orc
D:5:      layout_cave_pools, serial_column_ruins,
          column_ruins_corridor_straight, column_ruins_open_tiny,
          column_ruins_grid_1, column_ruins_columns_T, column_ruins_open_small,
          column_ruins_grid_2, column_ruins_columns_corner,
          uniq_crazy_yiuf_cottage, uniq_edmund
D:6:      layout_rooms, portal_sewer_entry_d, roderic_lattice_a,
          skrybe_limestone_x
D:7:      layout_layer_cave, lemuel_crystal_altar,
          gammafunk_temple_overflow_wave, uniq_harold
D:8:      layout_gridville, chequers_temple_overflow_minitemple,
          nicolae_overflow_hidden_temple, uniq_erica
D:9:      layout_loops_ring, orc_0_dummy, serial_shops, shop, shop_statue,
          nicolae_shop_crystal
D:10:     layout_roguey, david_lair_shrubbed, chequers_big_river,
          hangedman_little_slice_of_home, uniq_psyche, uniq_joseph
D:11:     layout_basic, grunt_livestock
D:12:     layout_roguey, minivault_16, minmay_misc_feat_nine_boxes,
          minmay_the_grid_square_5x5_3x3_mashed
          [minmay_the_grid_square_5x5_six_small,
          minmay_the_grid_square_5x5_inverted_slash,
          minmay_the_grid_square_5x5_n_small,
          minmay_the_grid_square_5x5_three_small,
          minmay_the_grid_square_5x5_megaprize_diamond,
          minmay_the_grid_square_5x5_minimal, minmay_the_grid_square_5x5_seven,
          minmay_the_grid_square_5x5_bracketed,
          minmay_the_grid_square_5x5_broken_cross], uniq_fannar
D:13:     layout_small_grid
D:14:     layout_rooms, david_vaults_1, elyvilon_altar_1
Temple:   nicolae_temple_great_sept

Skill      XL: |  1  2  3  4  5  6  7  8  9 10 11 12 |
---------------+-------------------------------------+-----
Fighting       | 3 4 5 6 7 8 10 | 10.5
Axes           | 4 5 7 8 10 11 12 | 12.5
Armour         | 4 5 6 7 8 9 |  9.6
Shields        | 4 |  4.2
Invocations    | 2 3 4 6 7 9 10 | 10.2
Dodging        | 2 3 5 6 7 8 |  8.4
Evocations     | 2 5 7 |  7.0

Action                   |  1- 3 |  4- 6 |  7- 9 | 10-12 || total
-------------------------+-------+-------+-------+-------++-------
Melee: War axe           |    67 |   127 |   367 |   662 ||  1223
       Broad axe         |       |       |       |   140 ||   140
Invok: Lesser Servant of |       |       |       |     7 ||     7
 Abil: Heal Wounds       |     2 |     1 |    14 |    23 ||    40
Evoke: Wand              |       |       |       |     5 ||     5
  Use: Scroll            |       |       |    11 |    16 ||    27
       Potion            |       |       |     2 |       ||     2
 Stab: Distracted        |       |       |       |     4 ||     4
       Petrified         |       |       |       |    10 ||    10
       Paralysed         |       |       |       |     2 ||     2
Armor: Scale mail        |    26 |    65 |   130 |   101 ||   322
       Plate armour      |       |       |       |   349 ||   349
       Chain mail        |       |       |       |     6 ||     6
Dodge: Dodged            |    22 |    32 |   146 |   299 ||   499
Block: Kite shield       |    30 |    78 |   207 |   414 ||   729

Table legend: (Time is in decaauts)
 A = Elapsed time spent in this place.
 B = Non-inter-level travel time spent in this place.
 C = Inter-level travel time spent in this place.
 D = Time resting spent in this place.
 E = Time spent auto-exploring this place.
 F = Levels seen in this place.
 G = Mean time per level.
                   A        B        C        D        E       F      G
               +--------+--------+--------+--------+--------+-----+--------+
         Total |   9171 |   8728 |    443 |    136 |   5999 |  16 |  573.2 |
       Dungeon |   8971 |   8544 |    427 |    136 |   5895 |  14 |  640.8 |
        Temple |     83 |     67 |     16 |      0 |     65 |   1 |   83.0 |
         Sewer |    116 |    116 |      0 |      0 |     39 |   1 |  116.0 |
               +--------+--------+--------+--------+--------+-----+--------+

Top non-repeatable levels by time:
     D:7: 1197 daAuts
    D:12: 946 daAuts
     D:6: 945 daAuts
     D:8: 931 daAuts
    D:10: 931 daAuts
    D:13: 747 daAuts
     D:9: 722 daAuts
     D:4: 660 daAuts
     D:5: 643 daAuts
    D:11: 478 daAuts
     D:1: 338 daAuts
     D:2: 330 daAuts
   Sewer: 116 daAuts
  Temple: 83 daAuts
     D:3: 82 daAuts
